 Dungeon Crawl Stone Soup version 0.19.5 (webtiles) character file.

393 miragecloak the Basher (level 6, -2/51 HPs)
             Began as a Hill Orc Monk on Apr 24, 2017.
             Slain by a sky beast (5 damage)
             ... on level 6 of the Dungeon.
             The game lasted 00:07:38 (4681 turns).

miragecloak the Basher (Hill Orc Monk)              Turns: 4681, Time: 00:07:39

Health: -2/51      AC:  7    Str: 16    XL:     6   Next: 81%
Magic:  6/6        EV: 13    Int: 10    God:
Gold:   286        SH:  0    Dex: 15    Spells: 0 memorised, 5 levels left

rFire  . . .     SeeInvis .     a - +1 mace
rCold  . . .     Gourm    +     x - +0 robe
rNeg   . . .     Faith    .     (no shield)
rPois  .         Spirit   .     d - +0 helmet
rElec  .         Reflect  .     (no cloak)
rCorr  .         Harm     .     l - +0 pair of gloves
MR     .....                    (no boots)
Stlth  ++........               A - amulet of the gourmand
                                j - +2 ring of strength
                                b - +3 ring of protection

@: no status effects
A: no striking features
a: no special abilities


You were on level 6 of the Dungeon.
You were not hungry.

You visited 1 branch of the dungeon, and saw 5 of its levels.

You collected 286 gold pieces.

Inventory:

Hand Weapons
 a - a +1 mace (weapon)
Armour
 d - a +0 helmet (worn)
 l - a +0 pair of gloves (worn)
 s - a +0 shield
 x - a +0 robe (worn)
Jewellery
 b - a +3 ring of protection (left hand)
 j - a +2 ring of strength (right hand)
 y - an uncursed ring of teleportation
 A - an amulet of the gourmand (around neck)
 B - an uncursed amulet of harm {unknown}
Scrolls
 h - 2 scrolls of fear {unknown}
 o - a scroll of remove curse
 q - a scroll of enchant weapon
 r - a scroll of blinking {unknown}
 t - 3 scrolls of identify {unknown}
 w - 3 scrolls of immolation {unknown}
 z - a scroll of teleportation
Potions
 e - 2 potions of might {unknown}
 f - a potion of flight {unknown}
 g - 3 potions of brilliance {unknown}
 n - a potion of magic {unknown}
 p - 3 potions of haste {unknown}
 u - 2 potions of lignification {unknown}
 v - a potion of ambrosia {unknown}
Comestibles
 c - 2 bread rations
 i - a fruit
 k - 3 meat rations
 m - a beef jerky


   Skills:
 - Level 3.6 Fighting
 + Level 8.1 Maces & Flails
 - Level 2.4 Dodging
 - Level 1.5 Stealth


You had 5 spell levels left.
You didn't know any spells.

Dungeon Overview and Level Annotations

Branches:
Dungeon (4/15)
 Temple: D:4-7

Altars:
Ru
The Shining One


Message History

The sky beast is heavily wounded.
The sky beast hits you. The sky beast shocks you.
* * * LOW HITPOINT WARNING * * *
You hit the sky beast.
The sky beast is severely wounded.
The sky beast hits you but does no damage.
You closely miss the sky beast.
The sky beast is severely wounded.
The sky beast hits you.
* * * LOW HITPOINT WARNING * * *
The sky beast shocks you.
* * * LOW HITPOINT WARNING * * *
You barely miss the sky beast.
The sky beast is severely wounded.
The sky beast flickers out of sight!
Deactivating autopickup; reactivate with Ctrl-A.
Something hits you.
* * * LOW HITPOINT WARNING * * *
Something shocks you.
You die...

# # #h#####.#
#...h...# #{# #@#
#.# .# #=# #.# #.#
#.# #.##### #.#
#.....# ##.##
#####.####...#####
#............<
#...#####...####


You could see a jackal.

Vanquished Creatures
  A centaur (D:6)
  A bullfrog (D:6)
  A crimson imp (D:6)
  A hound (D:6)
  An orc wizard (D:3)
  7 adders
  2 worms
  A dart slug (D:1)
  2 leopard geckos
  3 orcs
  4 giant cockroaches
  9 goblins
  7 hobgoblins
  17 jackals
  4 kobolds
  3 ball pythons
  6 bats
  5 frilled lizards
  A jackal zombie (D:6)
  5 rats
81 creatures vanquished.

Notes
Turn   | Place    | Note
-------+----------+-------------------------------------------
     0 | D:1      | miragecloak the Hill Orc Monk began the quest for the Orb.
     0 | D:1      | Reached XP level 1. HP: 19/19 MP: 1/1
   146 | D:1      | Reached XP level 2. HP: 20/26 MP: 2/2
   262 | D:1      | Reached skill level 4 in Maces & Flails
   617 | D:1      | Reached XP level 3. HP: 31/31 MP: 3/3
  1546 | D:2      | Reached skill level 5 in Maces & Flails
  1609 | D:2      | Reached XP level 4. HP: 28/39 MP: 4/4
  1875 | D:2      | Found a glowing golden altar of the Shining One.
  2952 | D:3      | Reached skill level 6 in Maces & Flails
  2952 | D:3      | Reached XP level 5. HP: 45/45 MP: 5/5
  3173 | D:4      | Noticed an ogre
  3201 | D:4      | HP: 1/45 [ogre/giant club (23)]
  3782 | D:4      | You fall through a shaft for 2 floors!
  4337 | D:6      | Found a sacrificial altar of Ru.
  4343 | D:6      | Noticed a centaur
  4359 | D:6      | Reached skill level 7 in Maces & Flails
  4369 | D:6      | Killed a centaur
  4369 | D:6      | Reached XP level 6. HP: 31/51 MP: 6/6
  4593 | D:6      | Reached skill level 8 in Maces & Flails
  4664 | D:6      | Noticed a sky beast
  4681 | D:6      | Slain by a sky beast

Skill      XL: |  1  2  3  4  5  6 |
---------------+-------------------+-----
Maces & Flails | 4 5 6 7 8 |  8.1
Fighting       | |  3.6
Dodging        | |  2.4
Stealth        | |  1.5

Action                   |  1- 3 |  4- 6 || total
-------------------------+-------+-------++-------
Melee: Mace              |   106 |   214 ||   320
  Use: Scroll            |       |     3 ||     3
 Stab: Sleeping          |     6 |     2 ||     8
  Eat: Fruit             |     1 |       ||     1
       Chunk             |       |    16 ||    16
Armor: Robe              |    29 |    69 ||    98
Dodge: Dodged            |   100 |   168 ||   268
